 Dungeon Crawl Stone Soup version 0.17.1-3-g152610e (webtiles) character file.

9 ololoev the Skirmisher (level 2, 7/24 HPs)
             Began as a Demonspawn Fighter on Feb 18, 2016.
             Quit the game on level 3 of the Dungeon.
             The game lasted 00:01:29 (199 turns).

ololoev the Skirmisher (Demonspawn Fighter)          Turns: 199, Time: 00:01:29

Health: 7/24       AC:  9    Str: 21    XL:     2   Next: 3%
Magic:  2/2        EV:  7    Int:  9    God:
Gold:   45         SH:  9    Dex: 12    Spells: 0 memorised, 1 level left

rFire  . . .     SeeInvis .     a - +0 war axe
rCold  . . .     Clarity  .     b - +0 scale mail
rNeg   . . .     SustAt   .     c - +0 shield
rPois  .         Gourm    .     (no helmet)
rElec  .         Spirit   .     g - +0 cloak
rCorr  .         Warding  .     (no gloves)
rMut   .         Stasis   .     (no boots)
MR     .....                    (no amulet)
Stlth  ..........               (no ring)
                                (no ring)

@: mighty, lethally poisoned (7 -> -1), not resistant to hostile enchantments,
extremely unstealthy
A: thin metallic scales 1
a: no special abilities


Innate Abilities, Weirdness & Mutations

You are partially covered in thin metallic scales (AC +2).

Inventory:

Hand Weapons
 a - a +0 war axe (weapon)
Armour
 b - a +0 scale mail (worn)
 c - a +0 shield (worn)
 g - a +0 cloak (worn)
Scrolls
 f - a scroll of enchant weapon {unknown}
Comestibles
 e - a bread ration


   Skills:
 - Level 3.0 Fighting
 * Level 2.2 Axes
 + Level 2.9 Armour
 - Level 2.6 Shields


You had one spell level left.
You didn't know any spells.


You were on level 3 of the Dungeon.
You were not hungry.

You visited 1 branch of the dungeon, and saw 3 of its levels.

You collected 45 gold pieces.

##.... .###.
.....# .#...
#..).# #!...
####....##....
...........#
#.....#S.#
#.<....W#
#..@#
#.###.†##
#....<.#
....###..# .#
#..# ##.# #.#
#.# #.#

Notes
Turn   | Place    | Note
--------------------------------------------------------------
     0 | D:1      | ololoev the Demonspawn Fighter began the quest for the Orb.
     0 | D:1      | Reached XP level 1. HP: 18/18 MP: 1/1
   193 | D:3      | Noticed ololoev's ghost (weakling DsFi)
   195 | D:3      | Gained mutation: You are partially covered in thin metallic scales (AC +2). [demonic ancestry]
   195 | D:3      | Reached XP level 2. HP: 24/24 MP: 2/2
   199 | D:3      | Quit the game

Dungeon Overview and Level Annotations

Branches:
Dungeon (3/15)

Altars:

Annotations:
D:3 ololoev's ghost, weakling DsFi


Message History

You slash the hobgoblin!
You kill the hobgoblin!
You see here a club.
h - an amethyst potion
There is a stone staircase leading down here.
You climb downwards.
A giant newt and a rat come into view.
Found a runed trident and 2 coppery potions.
There is a stone staircase leading up here.
Found a stone staircase leading up.
Ololoev's ghost (weakling Demonspawn Fighter) comes into view.
Ololoev's ghost turns its malevolent gaze towards you.
Drink which item? (? for menu, Esc to quit)
You don't have any such object.
Drink which item? (? for menu, Esc to quit)
You don't have any such object.
Drink which item? (? for menu, Esc to quit)
Okay, then.
Drink which item? (? for menu, Esc to quit)
You feel very mighty all of a sudden.
You slice the giant newt!!
You kill the giant newt!
You have reached level 2!
Your demonic ancestry asserts itself...
Thin metallic scales grow over part of your body.
You barely miss the rat. The rat bites you but does no damage.
An adder comes into view.
You slash the rat!
You kill the rat!
Ololoev's ghost says, "You must not succeed where I failed!"
You slash ololoev's ghost!
Ololoev's ghost is heavily damaged.
Ololoev's ghost screams, "Don't try to defend!
You have no chance!"
Ololoev's ghost hits you!
Unknown command.
Drink which item? (? for menu, Esc to quit)
It was a potion of poison.
That liquid tasted very nasty...
You are poisoned.
You feel sick. Ololoev's ghost hits you!
Are you sure you want to abandon this character and quit the game? (Confirm with "yes".)

You could see ololoev's ghost and an adder.

Vanquished Creatures
  A giant gecko (D:1)
  2 goblins (D:1)
  A hobgoblin (D:2)
  A bat (D:1)
  2 giant newts
  A kobold (D:1)
  A rat (D:3)
9 creatures vanquished.

Action                   || total
-------------------------++-------
Melee: War axe           ||    22
  Use: Potion            ||     2

Vault maps used:
D:1:      minmay_arrival_four_houses, st_stairs_1
D:2:      nicolae_overflow_hidden_temple, uniq_iyjb
D:3:      lemuel_crystal_altar
